 Dungeon Crawl Stone Soup version 0.27-a0-998-g4cfe56dd59 (webtiles) character file.

Game seed: 10209459671237445009

66 karrick the Magician (level 4, -3/31 HPs)
             Began as a Djinni Fire Elementalist on Apr 17, 2021.
             Slain by an adder (5 damage)
             ... on level 2 of the Dungeon.
             The game lasted 00:03:42 (2229 turns).

karrick the Magician (Djinni Fire Elementalist)     Turns: 2229, Time: 00:03:42

Health: -3/31      AC:  2    Str:  8    XL:     4   Next: 15%
Gold:   56         EV: 12    Int: 16    God:
                   SH:  0    Dex: 14

rFire    + + .     SeeInvis .   i - +0 falchion
rCold    x . .     Faith    +   (no shield)
rNeg     . . .     Spirit   .   a - +0 robe
rPois    ∞         Reflect  .   (no helmet)
rElec    .         Harm     .   (no cloak)
rCorr    .         Rampage  .   (no gloves)
Will     .....                  (boots unavailable)
Stlth    ++........             d - amulet of faith
HPRegen  0.10/turn              (no ring)
MPRegen  0.00/turn              (no ring)

@: flying
A: fire resistance 2, cold vulnerability 1, float, innate caster, hp casting,
extra vitality 1
a: no special abilities


You were on level 2 of the Dungeon.
You visited 1 branch of the dungeon, and saw 2 of its levels.

You collected 56 gold pieces.

Inventory:

Hand Weapons
 i - a +0 falchion (weapon)
Armour
 a - a +0 robe (worn)
Jewellery
 d - an amulet of faith (around neck)
Scrolls
 c - 2 scrolls of enchant armour {unknown}
 e - 2 scrolls of identify {unknown}
 h - a scroll of silence {unknown}
Potions
 b - 4 potions of curing {unknown}
 f - a potion of berserk rage {unknown}
 g - a potion of brilliance {unknown}


   Skills:
 + Level 0.2 Fighting
 + Level 2.5 Dodging
 + Level 1.9 Stealth
 + Level 3.9 Spellcasting


You couldn't memorise any spells.
You knew the following spells:

 Your Spells              Type           Power      Damage    Failure   Level
a - Foxfire               Conj/Fire      60%        2x1d7     3%          1
b - Conjure Flame         Conj/Fire      15%        6-21      11%         3
c - Inner Flame           Hex/Fire       15%        N/A       11%         3
d - Sticky Flame          Conj/Fire      15%        2d4       34%         4
e - Fireball              Conj/Fire      7%         3d5       67%         5
f - Sandblast             Erth           30%        2d9       3%          1
Your spell library was empty.

Dungeon Overview and Level Annotations

Branches:
Dungeon (2/15)

Altars:


Innate Abilities, Weirdness & Mutations

You are immune to poison.
Your flesh is very heat resistant. (rF++)
You are vulnerable to cold. (rC-)
You float through the air rather than walking.
You learn spells naturally, not from books.
Your magical power is your life essence.
You have superior vitality. (+4 HP)


Message History

Terence is moderately wounded.
The foxfire hits Terence.
Terence is severely wounded.
Terence barely misses you.
Your magical contamination has completely faded away.
Casting: Foxfire (safe; 4% risk of failure)
Confirm with . or Enter, or press ? or * to list all spells.
You conjure some foxfire!
The foxfire hits Terence but does no damage.
Terence is severely wounded.
Terence hits you with a +0 morningstar!
Unknown command.
Casting: Foxfire (safe; 4% risk of failure)
Confirm with . or Enter, or press ? or * to list all spells.
You conjure some foxfire!
The foxfire hits Terence but does no damage.
Terence is severely wounded.
The foxfire hits Terence but does no damage.
Terence is severely wounded.
Terence hits you with a +0 morningstar.
* * * LOW HITPOINT WARNING * * *
Casting: Foxfire (safe; 4% risk of failure)
Confirm with . or Enter, or press ? or * to list all spells.
You conjure some foxfire!
* * * LOW HITPOINT WARNING * * *
The foxfire hits Terence.
You kill Terence!
You have reached level 4!
You feel agile.
Your foxfire dissipates!
The foxfire hits the adder.
The adder is moderately wounded.
The adder misses you.
Unknown command.
Casting: Foxfire (safe; 3% risk of failure)
Confirm with . or Enter, or press ? or * to list all spells.
You conjure some foxfire!
* * * LOW HITPOINT WARNING * * *
The adder bites you.
You die...

#####......# ##..#
#..#.#.#######...#
#....#...........#
##.###########.(.#
#.# ##..# #.# #..#
#.# #.... #v#
#+### #####@###
#...vS..##
#.###)#..##
#.....#
....S..........
.##.#####...###
..## .## #


You could see an adder (ally target).

Vanquished Creatures
  Terence (D:2)
  A dart slug (D:2)
  10 ball pythons
  2 endoplasms
  3 giant cockroaches (D:1)
  3 goblins (D:2)
  A hobgoblin (D:2)
  7 jackals (D:2)
  2 kobolds
  A quokka (D:1)
  3 bats (D:1)
  5 rats
39 creatures vanquished.

Vanquished Creatures (collateral kills)
  2 foxfires (D:1)
2 creatures vanquished.

Vanquished Creatures (others)
  117 foxfires
  4 plants (D:1)
121 creatures vanquished.

Grand Total: 162 creatures vanquished

Notes
Turn   | Place    | Note
-------+----------+-------------------------------------------
     0 | D:1      | karrick the Djinni Fire Elementalist began the quest for
                  | the Orb.
     0 | D:1      | Reached XP level 1. HP: 15/15 MP: 0/0
   428 | D:1      | Reached skill level 3 in Spellcasting
   436 | D:1      | Reached XP level 2. HP: 10/21 MP: 0/0
  1506 | D:2      | Reached XP level 3. HP: 21/25 MP: 0/0
  1506 | D:2      | Learned a level 1 spell: Sandblast
  1591 | D:2      | Found a faded altar of an unknown god.
  2211 | D:2      | Noticed Terence
  2227 | D:2      | Killed Terence
  2228 | D:2      | Reached XP level 4. HP: 3/31 MP: 0/0
  2229 | D:2      | Slain by an adder

Illustrated notes

Levels and vault maps discovered:
D:1:      dpeg_arrival_shelter, layout_basic, serial_park_tiny_2,
          serial_bayou_pond_d, minmay_shallow_snake_nest
D:2:      layout_loops_corners, shapermc_ecumenical_altar_starsandcircs,
          uniq_terence

Skill      XL: |  1 |
---------------+----+-----
Spellcasting   | 3 |  3.9
Fighting       | |  0.2
Dodging        | |  2.5
Stealth        | |  1.9

Action                   |  1- 3 |  4- 6 || total
-------------------------+-------+-------++-------
Melee: Unarmed           |     1 |       ||     1
 Cast: Foxfire           |    78 |     1 ||    79
Armor: Robe              |     4 |       ||     4
Dodge: Dodged            |    22 |     1 ||    23
       Rpst.: Falchion   |     1 |       ||     1

Table legend: (Time is in decaauts)
 A = Elapsed time spent in this place.
 B = Non-inter-level travel time spent in this place.
 C = Inter-level travel time spent in this place.
 D = Time resting spent in this place.
 E = Time spent auto-exploring this place.
 F = Levels seen in this place.
 G = Mean time per level.
                   A        B        C        D        E       F      G
               +--------+--------+--------+--------+--------+-----+--------+
         Total |   2228 |   2189 |     39 |     24 |   1891 |   2 | 1114.0 |
       Dungeon |   2228 |   2189 |     39 |     24 |   1891 |   2 | 1114.0 |
               +--------+--------+--------+--------+--------+-----+--------+

Top non-repeatable levels by time:
     D:1: 1305 daAuts
     D:2: 923 daAuts
